 Dungeon Crawl Stone Soup version 0.27.1 (webtiles) character file.

Game seed: 12896685066841341964

766 MajorAdolf the Covered (level 7, 0/100 HPs)
             Began as a Naga Wanderer on Aug 25, 2021.
             Slain by an orc (2 damage)
             ... on level 8 of the Dungeon.
             The game lasted 00:08:30 (4882 turns).

MajorAdolf the Covered (Naga Wanderer)              Turns: 4882, Time: 00:08:30

Health: 0/100      AC: 27    Str: 15    XL:     7   Next: 82%
Magic:  7/7        EV:  1    Int: 11    God:
Gold:   151        SH:  0    Dex: 13    Spells: 6/6 levels left

rFire    . . .     SeeInvis +   e - +2 short sword (flame)
rCold    . . .     Faith    .   (no shield)
rNeg     + + +     Spirit   .   (armour currently unavailable)
rPois    +         Reflect  .   (helmet currently unavailable)
rElec    .         Harm     .   (cloak currently unavailable)
rCorr    .         Rampage  .   (gloves currently unavailable)
Will     .....     NoTele   +   (no barding)
Stlth    +.........             (no amulet)
HPRegen  0.26/turn              l - +4 ring of protection
MPRegen  0.10/turn              (no ring)

@: tree-form (expiring)
A: stationary, stasis, torment immunity, boosted hp, AC +2, large, see
invisible, (deformed body), (poison resistance), (slowness 2), spit poison 1,
(naga tail 1)
a: Spit Poison


You were on level 8 of the Dungeon.
You were a tree.
You visited 1 branch of the dungeon, and saw 6 of its levels.

You collected 151 gold pieces.

Inventory:

Hand Weapons
 a - a +0 club
 e - a +2 short sword of flaming (weapon)
Missiles
 g - a throwing net
Armour
 d - a +2 scale mail (melded)
Jewellery
 l - a +4 ring of protection (left branch)
 m - a +6 ring of intelligence
Scrolls
 f - a scroll of summoning {unknown}
 n - 5 scrolls of identify {unknown}
Potions
 h - a potion of magic {unknown}
 i - 2 potions of haste {unknown}
 k - a potion of degeneration {unknown}
 o - a potion of attraction {unknown}
 p - a potion of heal wounds {unknown}
 q - a potion of might {unknown}


   Skills:
 + Level 5.0 Fighting
 - Level 2.6 Crossbows
 + Level 5.4 Armour
 - Level 1.0 Shields
 + Level 4.2 Evocations


You had 6 spell levels left.
You didn't know any spells.
Your spell library contained the following spells:

 Spells                   Type           Power      Damage    Failure   Level
 Corona                   Hex            0%         N/A       34%         1
 Ensorcelled Hibernation  Hex/Ice        0%         N/A       47%         2
 Dazzling Flash           Conj/Hex       0%         N/A       71%         3
 Tukima's Dance           Hex            0%         N/A       71%         3
 Agony                    Necr           0%         N/A       100%        5
 Silence                  Hex/Air        0%         N/A       100%        5


Dungeon Overview and Level Annotations

Branches:
Dungeon (5/15)
 Temple: D:4-7

Altars:
Cheibriados
Wu Jian


Innate Abilities, Weirdness & Mutations

You are a tree.
Your roots penetrate the ground, keeping you stationary.
You cannot be teleported.
You are immune to unholy pain and torment.
Your maximum health is greatly increased.
Your equipment is partially melded.
((Your serpentine skin is tough. (AC +2)))
You have supernaturally acute eyesight. (SInv)
((Armour fits poorly on your strangely shaped body.))
((Your system is resistant to poisons. (rPois)))
((You cover ground very slowly.))
You can spit poison.
((You have a snake-like lower body.))


Message History

You kill the killer bee!
The killer bee stings you but does no damage.
The orc completely misses you.
The killer bee stings you but does no damage.
The hellwing completely misses you.
The hellwing hits you but does no damage.
Your Fighting skill increases to level 5!
You cannot move.
Unknown command.
You cannot move.
Unknown command.
You cannot move.
Unknown command.
Unknown command.
Unknown command.
You barely miss the killer bee.
The killer bee stings you but does no damage.
The orc hits you but does no damage. The killer bee barely misses you.
The hellwing barely misses you.
The hellwing hits you but does no damage.
Unknown command.
You miss the killer bee.
The killer bee stings you but does no damage.
The orc hits you but does no damage.
The killer bee stings you but does no damage.
The hellwing hits you but does no damage. x2
The orc hits you but does no damage.
Unknown command.
You miss the killer bee.
Your transformation is almost over.
The killer bee stings you but does no damage. x2
The hellwing hits you but does no damage. x2
The orc hits you but does no damage.
Unknown command.
You barely miss the killer bee. The killer bee stings you.
* * * LOW HITPOINT WARNING * * *
The killer bee stings you but does no damage.
The hellwing hits you but does no damage.
The hellwing completely misses you. The orc hits you with a +0 club.
You die...

....>. #..........
#+###+#####...........
#.....#.#.............
#.###.#...............
#....y#5..............
+.._.♣oyZ.#......o....
#...4.#y..............
#.###.#..###..........
#.....#...# ..#.##...
#+###'#yy... .# #....
#..5...... # #...#
##....y..........#
#.......#......
8.#.....# ....


You could see a hellwing, 3 killer bees, a shadow imp, an orc and a centaur
warrior skeleton.

Vanquished Creatures
  An ogre (D:4)
  A phantom (D:4)
  A scorpion (D:5)
  2 killer bees (D:8)
  A hound (D:4)
  A gnoll shaman (D:3)
  2 orc priests (D:3)
  2 orc wizards (D:3)
  A hound skeleton (D:4)
  7 gnolls
  8 adders
  A white imp (D:5)
  2 worms (D:3)
  A dart slug (D:5)
  16 orcs
  10 endoplasms
  8 giant cockroaches
  9 hobgoblins
  8 kobolds
  4 quokkas
  14 ball pythons
  7 bats
  3 frilled lizards
  4 goblins
  4 rats
118 creatures vanquished.

Vanquished Creatures (others)
  A plant (D:5)
  3 withered plants (D:8)
4 creatures vanquished.

Grand Total: 122 creatures vanquished

Notes
Turn   | Place    | Note
-------+----------+-------------------------------------------
     0 | D:1      | MajorAdolf the Naga Wanderer began the quest for the Orb.
     0 | D:1      | MajorAdolf set off with the following items: a +0 club, a
                  | potion of curing, a potion of lignification, a +2 scale
                  | mail
     0 | D:1      | Reached XP level 1. HP: 18/18 MP: 1/1
   282 | D:1      | Reached XP level 2. HP: 25/25 MP: 2/2
   367 | D:1      | Found a faded altar of an unknown god.
   689 | D:1      | Reached XP level 3. HP: 31/32 MP: 3/3
   915 | D:2      | Found an ornate altar of the Wu Jian Council.
  1184 | D:2      | Reached XP level 4. HP: 21/40 MP: 4/4
  1869 | D:3      | Reached XP level 5. HP: 42/48 MP: 5/5
  2095 | D:3      | Reached XP level 6. HP: 38/56 MP: 6/6
  3282 | D:4      | Reached skill level 5 in Armour
  3282 | D:4      | Reached XP level 7. HP: 64/64 MP: 7/7
  4431 | D:5      | Entered Level 5 of the Dungeon
  4828 | D:5      | You fall into a shaft and drop 3 floors!
  4847 | D:8      | Found a snail-covered altar of Cheibriados.
  4870 | D:8      | Noticed a hellwing
  4872 | D:8      | HP: 4/99 [killer bee (1)]
  4877 | D:8      | HP: 2/99 [killer bee (2)]
  4879 | D:8      | Reached skill level 5 in Fighting
  4882 | D:8      | HP: 2/100 [killer bee (1)]
  4882 | D:8      | Slain by an orc

Illustrated notes

Levels and vault maps discovered:
D:1:      amcnicky_arrival_choice, layout_basic, shapermc_ecumenical_altar_venn,
          minmay_pentomino_v2
D:2:      layout_rooms, basic_altar
D:3:      layout_basic, st_stairs_2, wad_orctagon
D:4:      layout_cave_pools, portal_sewer_entry_e, grunt_ministairs_15
D:5:      layout_loops_ring, nemelex_spade_bored_becter, serial_bayou,
          serial_bayou_lagoon_b, serial_bayou_pond_e, serial_bayou_shore_b,
          serial_bayou_shore_b
D:8:      cheibrodos_grave_circle, layout_cave_pools, trog_antimagical,
          mainiacjoe_overflow_six_doors_small, nicolae_hepliaklqana_hippocampus,
          enter_bailey_2

Skill      XL: |  1  2  3  4  5  6  7 |
---------------+----------------------+-----
Fighting       | 2 3 4 5 |  5.0
Armour         | 4 5 |  5.4
Evocations     | 2 3 4 |  4.2
Crossbows      | |  2.6
Shields        | |  1.0

Action                   |  1- 3 |  4- 6 |  7- 9 || total
-------------------------+-------+-------+-------++-------
Melee: Short sword       |    88 |   156 |   155 ||   399
 Abil: Spit Poison       |     5 |    12 |     6 ||    23
  Use: Scroll            |       |     3 |     1 ||     4
       Potion            |       |       |     3 ||     3
Armor: Scale mail        |    74 |    87 |   109 ||   270
       Skin              |       |       |   154 ||   154
Dodge: Dodged            |    38 |    57 |    87 ||   182
